 Dungeon Crawl Stone Soup version 0.28-a0-706-gf6f64a616a (webtiles) character file.

Game seed: 7405958151157995615

7 frimble the Firebug (level 1, 0/13 HPs)
             Began as a Demonspawn Fire Elementalist on Oct 24, 2021.
             Slain by a goblin (1 damage)
             ... on level 1 of the Dungeon.
             The game lasted 00:00:37 (363 turns).

frimble the Firebug (Demonspawn Fire Elementalist)   Turns: 363, Time: 00:00:37

Health: 0/13       AC:  2    Str:  8    XL:     1   Next: 83%
Magic:  0/3        EV: 12    Int: 16    God:
Gold:   13         SH:  0    Dex: 13    Spells: 3/4 levels left

rFire   . . .      SeeInvis .   (no weapon)
rCold   . . .      Faith    .   (no shield)
rNeg    . . .      Spirit   .   a - +0 robe
rPois   .          Reflect  .   (no helmet)
rElec   .          Harm     .   (no cloak)
rCorr   .          Rampage  .   (no gloves)
Will    .....                   (no boots)
Stlth   ++........              (no amulet)
HPRegen 0.04/turn               (no ring)
MPRegen 0.08/turn               (no ring)

@: on berserk cooldown, slowed, very slow
A: no striking features
a: no special abilities


You were on level 1 of the Dungeon.
You visited 1 branch of the dungeon, and saw 1 of its levels.

You collected 13 gold pieces.

Inventory:

Armour
 a - a +0 robe (worn)
 d - a +2 pair of boots
Potions
 c - 2 potions of attraction {unknown}


   Skills:
 + Level 1.9 Dodging
 + Level 1.9 Stealth
 + Level 2.1 Spellcasting
 + Level 1.2 Conjurations
 + Level 2.8 Fire Magic


You had 3 spell levels left.
You knew the following spells:

 Your Spells              Type           Power      Damage    Failure   Level
a - Foxfire               Conj/Fire      32%        2x1d5     9%          1

Your spell library contained the following spells:

 Spells                   Type           Power      Damage    Failure   Level
 Scorch                   Fire           20%        2d6       10%         2
 Conjure Flame            Conj/Fire      8%         6-21      26%         3
 Inner Flame              Hex/Fire       6%         N/A       34%         3
 Flame Wave               Conj/Fire      8%         3d4       65%         4


Dungeon Overview and Level Annotations

Branches:
Dungeon (1/15)

Altars:


Message History

The bat hits you but does no damage. x2
You miss the bat.
The bat is moderately wounded.
The bat barely misses you.
You barely miss the bat.
The bat is moderately wounded.
The bat barely misses you.
You closely miss the bat.
The bat is moderately wounded.
The bat closely misses you. x2
You punch the bat!
You kill the bat!
You barely miss the frilled lizard. The frilled lizard bites you.
* * * LOW HITPOINT WARNING * * *
You closely miss the frilled lizard. You punch the frilled lizard!
You kill the frilled lizard!
A goblin comes into view. It is wielding a +0 dagger.
The goblin shouts!
The kobold barely misses you.
Things that are here:
a frilled lizard corpse; a bat corpse You barely miss the kobold.
The kobold barely misses you.
You hit the kobold but do no damage. You miss the kobold.
The kobold hits you with a +0 whip.
* * * LOW HITPOINT WARNING * * *
You hit the kobold.
You kill the kobold!
You are no longer berserk.
You are exhausted.
You feel yourself slow down.
Things that are here:
a +0 whip; 4 stones; a kobold corpse
Okay, then.
Unknown command.
You aren't carrying any items that you can evoke.
Casting: Foxfire (safe; 9% risk of failure)
Confirm with . or Enter, or press ? or * to list all spells.
You conjure some foxfire!
The goblin hits you with a +0 dagger.
You die...

......†...# ##.#####..###
#≈........####. ## ###
#≈≈≈≈#.......... .# #..
≈≈≈###......#### .#.#
≈###..^....#########..#
####.........#.........#
#.###.#+#..gv#.#######.# #.#
#. #..#@#.# #.# #####.# #
#+####v#.# #.# ≈≈≈≈..#
#.####.#.#### #.# ###.(#
##'##........####.#
##...#####...#####.........#
.....'.'.'.<.'.+.'.#####.###
.....#####...####### #.#
.####.#####'## #.# .#
#.....#.# #.#


You could see a goblin (ally target).

Vanquished Creatures
  A giant cockroach (D:1)
  A hobgoblin (D:1)
  A kobold (D:1)
  2 bats (D:1)
  2 frilled lizards (D:1)
7 creatures vanquished.

Vanquished Creatures (others)
  9 foxfires (D:1)
9 creatures vanquished.

Grand Total: 16 creatures vanquished

Notes
Turn   | Place    | Note
-------+----------+-------------------------------------------
     0 | D:1      | frimble the Demonspawn Fire Elementalist began the quest
                  | for the Orb.
     0 | D:1      | Reached XP level 1. HP: 13/13 MP: 3/3
   363 | D:1      | Slain by a goblin

Illustrated notes

Levels and vault maps discovered:
D:1:      minmay_arrival_doors, layout_loops_ring,
          chequers_serial_rivers_large_b

Action                   || total
-------------------------++-------
Melee: Unarmed           ||    43
 Cast: Foxfire           ||     8
  Use: Potion            ||     1
Armor: Robe              ||    18
Dodge: Dodged            ||    46

Table legend: (Time is in decaauts)
 A = Elapsed time spent in this place.
 B = Non-inter-level travel time spent in this place.
 C = Inter-level travel time spent in this place.
 D = Time resting spent in this place.
 E = Time spent auto-exploring this place.
 F = Levels seen in this place.
 G = Mean time per level.
                   A        B        C        D        E       F      G
               +--------+--------+--------+--------+--------+-----+--------+
         Total |    359 |    359 |      0 |      0 |    253 |   1 |  359.0 |
       Dungeon |    359 |    359 |      0 |      0 |    253 |   1 |  359.0 |
               +--------+--------+--------+--------+--------+-----+--------+

Top non-repeatable levels by time:
     D:1: 359 daAuts
